 Dungeon Crawl Stone Soup version 0.31-a0-152-g6aa68a64a1 (webtiles) character file.

Game seed: 6371898501905905465

5801 qw the Cleaver (level 10, -5/66 HPs)
             Began as a Gargoyle Fighter on June 11, 2023.
             Was an Initiate of Okawaru.
             Slain by a manticore (14 damage)
             ... on level 10 of the Dungeon.
             The game lasted 00:04:55 (10627 turns).

qw the Cleaver (Gargoyle Fighter)                  Turns: 10627, Time: 00:04:56

Health: -5/66      AC: 23    Str: 25    XL:     10   Next: 79%
Magic:  10/10      EV:  7    Int:  8    God:    Okawaru [......]
Gold:   258        SH:  4    Dex:  9    Spells: 9/9 levels left

rFire   . . .        Y - +1 war axe
rCold   . . .        c - +0 buckler
rNeg    + . .        o - +0 plate armour
rPois   inf          (no helmet)
rElec   +            m - +2 cloak
rCorr   .            (no gloves)
SInv    .            (no boots)
Will    .....        b - amulet of faith Stlth
                     (no ring)
HPRegen 0.31/turn    (no ring)
MPRegen 0.12/turn

%: faith
@: about to teleport
A: sickness immunity, AC +7, negative energy resistance 1, electricity
resistance, torment resistance 1, petrification resistance
a: Renounce Religion


You were on level 10 of the Dungeon.
You worshipped Okawaru.
Okawaru was noncommittal.
You visited 2 branches of the dungeon, and saw 11 of its levels.

You collected 544 gold pieces.
You spent 286 gold pieces at shops.


Innate Abilities, Weirdness & Mutations

You are immune to sickness and miasma.
Your stone body is resilient. (AC +7)
You are immune to poison.
You resist negative energy. (rN+)
You are resistant to electric shocks. (rElec)
You are resistant to unholy torment.
You are immune to petrification.


   Skills:
 - Level 9.0 Fighting
 - Level 11.0 Axes
 - Level 2.0 Throwing
 + Level 6.9 Armour
 - Level 1.0 Dodging
 - Level 5.2 Shields


You had 9 spell levels left.
You didn't know any spells.
Your spell library was empty.

Inventory:

Hand Weapons
 l - a +1 hand axe of flaming
 Y - a +1 war axe (weapon)
Missiles
 s - 4 boomerangs (quivered)
Armour
 c - a +0 buckler (worn)
 m - a +2 cloak (worn)
 o - a +0 plate armour (worn)
 r - the +6 chain mail of the Fifty Tales {Harm rF+}
   (You found it on level 5 of the Dungeon)

   rF:        It protects you from fire.
   Harm:      It increases damage dealt and taken.
Jewellery
 b - an amulet of faith (around neck)
Scrolls
 n - a scroll of identify
Potions
 a - 2 potions of haste
 d - 4 potions of might
 f - 4 potions of curing
 g - a potion of cancellation
 h - 3 potions of attraction
 p - a potion of magic {unknown}
 q - a potion of berserk rage {unknown}

Dungeon Overview and Level Annotations

Branches:
Dungeon (10/15)            Temple (1/1) D:5
   Lair: D:8-11         Orc: D:9-12

Altars:
Cheibriados
Dithmenos
Elyvilon
Fedhas
Gozag
Hepliaklqana
Kikubaaqudgha
Makhleb
Nemelex Xobeh
Okawaru
Qazlal
Ru
Sif Muna
Trog
Uskayaw
Vehumet
Wu Jian
Xom
Yredelemnul
Zin
The Shining One

Shops:
D:6 [!

Annotations:
D:7 3 runed translucent doors, qw's ghost, amateur NaHu
D:10 Gastronok


Message History

The manticore claws you but does no damage. x2
You slash the manticore!
The manticore is moderately wounded.
The manticore bites you but does no damage.
The manticore claws you but does no damage. x2
You barely miss the manticore.
The manticore is moderately wounded.
You block the manticore's attack. The manticore closely misses you.
The manticore claws you but does no damage.
You slash the manticore!
The manticore is severely wounded.
The manticore bites you but does no damage.
You block the manticore's attack. The manticore barely misses you.
Gastronok the Ponderous comes into view.
Gastronok gurgles horribly!
You hit the manticore.
The manticore is severely wounded.
You block the manticore's attack. The manticore barely misses you.
The manticore claws you but does no damage.
You closely miss the manticore.
The manticore is severely wounded.
You block the manticore's attack. x2
The manticore claws you but does no damage.
You barely miss the manticore.
The manticore is severely wounded.
You block the manticore's attack. The manticore claws you!
The manticore claws you.
You barely miss the manticore.
The manticore is severely wounded.
The manticore bites you but does no damage.
The manticore claws you.
The manticore claws you but does no damage.
Gastronok waves his eye-stalks in wide circles.
The air twists around and strikes you!!
Ouch! That really hurt!
10627 ||| READING scroll of teleportation.
As you read the scroll of teleportation, it crumbles to dust.
You feel strangely unstable. The manticore bites you!
You die...

#..### .. ... ..##.
###.##..# ##....
#........ #......
##........ ##...##..
##......... ...# #..##
##.=........ ..##
#..###........... ..#
#..##.%..@H....w. ..##
##............##. #..#
#..........### #..##
##.............
#...####..###..........
#........##
###..#####.. ...##...##
##.# . .######.# #.# ##
#.# .


You could see Gastronok and a manticore.

Vanquished Creatures
  Erica (D:8)
  Joseph (D:8)
  Psyche (D:8)
  Prince Ribbit (D:9)
  Sigmund (D:4)
  A vampire (D:9)
  2 vampire mosquitoes (D:10)
  A steam dragon (D:8)
  An acid dragon (D:9)
  2 water moccasins
  A sky beast (D:7)
  2 orc warriors
  2 ice beasts
  2 ogres
  5 phantoms
  2 kobold brigands (D:6)
  A bullfrog (D:9)
  3 scorpions
  A wyvern zombie (D:7)
  9 wights (D:8)
  9 killer bees
  3 electric eels (D:6)
  4 howler monkeys (D:9)
  A crimson imp (D:3)
  A jelly (D:5)
  An orc priest (D:4)
  A gnoll bouda (D:9)
  2 hounds
  4 iguanas
  6 sleepcaps
  4 orc wizards
  A killer bee zombie (D:7)
  7 adders
  4 gnolls
  A shadow imp (D:6)
  A white imp (D:6)
  An ufetubus (D:5)
  2 worms
  7 dart slugs
  29 orcs
  7 endoplasms
  4 giant cockroaches
  15 goblins
  12 hobgoblins
  8 jackals
  14 kobolds
  4 quokkas
  12 ball pythons
  5 bats
  4 frilled lizards
  A goblin skeleton (D:3)
  2 goblin zombies (D:3)
  A hobgoblin zombie (D:3)
  2 kobold skeletons (D:3)
  2 kobold zombies (D:3)
  2 orc skeletons (D:3)
  An orc zombie (D:3)
  8 rats
  A spectral orc (D:8)
234 creatures vanquished.

Vanquished Creatures (others)
  A kobold (D:6)
1 creature vanquished.

Grand Total: 235 creatures vanquished

Notes
Turn   | Place    | Note
-------+----------+-------------------------------------------
     0 | D:1      | qw the Gargoyle Fighter began the quest for the Orb.
     0 | D:1      | Reached XP level 1. HP: 14/14 MP: 1/1
     0 | D:1      | 0 ||| qw: Version: 0.2-a-29-g99eb96e
     0 | D:1      | 0 ||| qw: Game counter: 4084
     0 | D:1      | 0 ||| qw: Always use a shield: true
     0 | D:1      | 0 ||| qw: God list: Okawaru
     0 | D:1      | 0 ||| qw: Allow faded altars: false
     0 | D:1      | 0 ||| qw: Do Orc after D:15 true
     0 | D:1      | 0 ||| qw: Do second Lair branch before Depths: true
     0 | D:1      | 0 ||| qw: Lair rune preference: random
     0 | D:1      | 0 ||| qw: Plans: Normal, Zot:1-4, Slime:5, God:TSO, Crypt,
                  | Tomb, Abyss, Pan, Hells, Win
     0 | D:1      | 0 ||| PLANNING D:1-11
   118 | D:1      | Reached skill level 2 in Axes
   485 | D:1      | Reached XP level 2. HP: 19/19 MP: 2/2
   728 | D:1      | 728 ||| DROPPING +0 flail.
   757 | D:1      | Reached skill level 3 in Axes
   783 | D:1      | Reached XP level 3. HP: 23/23 MP: 3/3
  1093 | D:1      | 1093 ||| UPGRADING to +2 cloak.
  1098 | D:1      | 1098 ||| READING scroll labelled YRGHOG QAILAODYZ.
  1103 | D:1      | 1103 ||| READING scroll labelled VUH ZOIG WYLI.
  1104 | D:1      | 1104 ||| DRINKING 2 ruby potions.
  1105 | D:1      | 1105 ||| DRINKING 3 smoky dark potions.
  1106 | D:1      | 1106 ||| DROPPING potion of enlightenment.
  1297 | D:2      | 1297 ||| Stepping ~*~*~tactically~*~*~ (hiding).
  1527 | D:2      | Reached XP level 4. HP: 28/28 MP: 4/4
  1604 | D:2      | 1604 ||| Stepping ~*~*~tactically~*~*~ (hiding).
  1621 | D:2      | Reached skill level 4 in Axes
  1698 | D:2      | Found an ornate altar of the Wu Jian Council.
  1839 | D:2      | 1839 ||| READING scroll labelled RAOCWE JIYRPH.
  1840 | D:2      | 1840 ||| READING 2 scrolls labelled UCE PEWNUREUCW.
  1841 | D:2      | 1841 ||| DRINKING 2 inky potions.
  2000 | D:3      | Found a glowing golden altar of the Shining One.
  2001 | D:3      | 2001 ||| Stepping ~*~*~tactically~*~*~ (stealth).
  2011 | D:3      | 2011 ||| Stepping ~*~*~tactically~*~*~ (stealth).
  2012 | D:3      | 2012 ||| Stepping ~*~*~tactically~*~*~ (stealth).
  2021 | D:3      | Reached XP level 5. HP: 32/32 MP: 5/5
  2038 | D:3      | 2038 ||| Stepping ~*~*~tactically~*~*~ (stealth).
  2631 | D:3      | 2631 ||| Stepping ~*~*~tactically~*~*~ (hiding).
  2740 | D:3      | 2740 ||| Stepping ~*~*~tactically~*~*~ (stealth).
  2743 | D:3      | Reached skill level 5 in Axes
  2971 | D:3      | 2971 ||| UPGRADING to amulet of guardian spirit.
  2976 | D:3      | 2976 ||| READING scroll labelled FEOS ANYNIG.
  2977 | D:3      | 2977 ||| READING scroll labelled PELUZA BINANYXT.
  2978 | D:3      | 2978 ||| READING scroll labelled AMOMAE WOMOEM.
  2979 | D:3      | 2979 ||| DRINKING 3 emerald potions.
  2980 | D:3      | 2980 ||| DROPPING 2 potions of degeneration.
  3027 | D:4      | 3027 ||| Stepping ~*~*~tactically~*~*~ (stealth).
  3135 | D:4      | 3135 ||| Stepping ~*~*~tactically~*~*~ (stealth).
  3179 | D:4      | 3179 ||| Stepping ~*~*~tactically~*~*~ (hiding).
  3192 | D:4      | Reached skill level 1 in Dodging
  3192 | D:4      | Reached XP level 6. HP: 27/38 MP: 3/6
  3209 | D:4      | 3209 ||| Stepping ~*~*~tactically~*~*~ (hiding).
  3214 | D:4      | 3214 ||| DRINKING 3 potions of curing.
  3214 | D:4      | 3214 ||| (to cure confusion)
  3218 | D:4      | 3218 ||| Stepping ~*~*~tactically~*~*~ (stealth).
  3471 | D:4      | Noticed Sigmund
  3480 | D:4      | Killed Sigmund
  3481 | D:4      | Reached skill level 6 in Axes
  3481 | D:4      | Reached XP level 7. HP: 43/43 MP: 4/7
  3622 | D:4      | Reached skill level 7 in Axes
  3824 | D:4      | 3824 ||| UPGRADING to +0 chain mail.
  3834 | D:4      | 3834 ||| DROPPING +0 scale mail.
  3835 | D:4      | 3835 ||| DROPPING ring of wizardry.
  3836 | D:4      | 3836 ||| READING scroll labelled DOSKOM ORYOG.
  3883 | D:5      | Entered Level 5 of the Dungeon
  3923 | D:5      | 3923 ||| Stepping ~*~*~tactically~*~*~ (hiding).
  3924 | D:5      | 3924 ||| Stepping ~*~*~tactically~*~*~ (hiding).
  3931 | D:5      | 3931 ||| FLEEEEING.
  3936 | D:5      | 3936 ||| Stepping ~*~*~tactically~*~*~ (hiding).
  3937 | D:5      | 3937 ||| Stepping ~*~*~tactically~*~*~ (hiding).
  4017 | D:5      | Identified the +6 chain mail of the Fifty Tales {Harm rF+}
  4067 | D:5      | Found a staircase to the Ecumenical Temple.
  4068 | D:5      | 4068 ||| PLANNING TEMPLE
  4068 | D:5      | 4068 ||| UPGRADING to amulet of faith.
  4078 | D:5      | 4078 ||| DROPPING amulet of guardian spirit.
  4087 | Temple   | Entered the Ecumenical Temple
  4230 | Temple   | 4230 ||| PLANNING D:1-11
  4261 | D:5      | 4261 ||| Stepping ~*~*~tactically~*~*~ (stealth).
  4297 | D:5      | Reached XP level 8. HP: 34/50 MP: 8/8
  4301 | D:5      | 4301 ||| Stepping ~*~*~tactically~*~*~ (stealth).
  4337 | D:5      | 4337 ||| Stepping ~*~*~tactically~*~*~ (stealth).
  4347 | D:5      | 4347 ||| FLEEEEING.
  4357 | D:5      | HP: 11/50 [orc warrior/+0 flail (10)]
  4358 | D:5      | 4358 ||| READING scroll of teleportation.
  4359 | D:5      | 4359 ||| DRINKING 2 potions of heal wounds.
  4479 | D:5      | Found a sparkling altar of Nemelex Xobeh.
  5335 | D:5      | Reached skill level 8 in Axes
  5611 | D:5      | 5611 ||| DROPPING +1 ring mail of cold resistance.
  5612 | D:5      | 5612 ||| UPGRADING to +0 plate armour.
  5622 | D:5      | 5622 ||| DROPPING +0 chain mail.
  5623 | D:5      | 5623 ||| READING 2 scrolls labelled HENOXY ZOFFACK.
  5624 | D:5      | 5624 ||| DRINKING 2 glowing coppery potions.
  5625 | D:5      | 5625 ||| DROPPING scroll of poison.
  5659 | D:6      | Reached skill level 6 in Fighting
  5694 | D:6      | 5694 ||| FLEEEEING.
  5695 | D:6      | 5695 ||| FLEEEEING.
  5696 | D:6      | 5696 ||| FLEEEEING.
  5701 | D:6      | 5701 ||| STAIRDANCE
  5785 | D:6      | Found Quyd's Distillery.
  5799 | D:6      | HP: 10/51 [ogre/+0 giant club (19)]
  5800 | D:6      | 5800 ||| DRINKING potion of heal wounds.
  5800 | D:6      | HP: 4/51 [ogre/+0 giant club (25)]
  5975 | D:6      | Reached XP level 9. HP: 55/55 MP: 9/9
  5980 | D:6      | 5980 ||| BUYING potion of curing (33 gold).
  5980 | D:6      | Bought a potion of curing for 33 gold pieces
  5980 | D:6      | 5980 ||| BUYING potion of curing (33 gold).
  5980 | D:6      | Bought a potion of curing for 33 gold pieces
  5980 | D:6      | 5980 ||| BUYING potion of haste (110 gold).
  5980 | D:6      | Bought a potion of haste for 110 gold pieces
  5980 | D:6      | 5980 ||| BUYING potion of haste (110 gold).
  5980 | D:6      | Bought a potion of haste for 110 gold pieces
  5980 | D:6      | 5980 ||| SHOPLISTING potion of haste (110 gold, have 10).
  5980 | D:6      | 5980 ||| SHOPLISTING potion of heal wounds (55 gold, have
                  | 10).
  5980 | D:6      | 5980 ||| SHOPLISTING potion of might (44 gold, have 10).
  5980 | D:6      | 5980 ||| SHOPLISTING potion of mutation (88 gold, have 10).
  5980 | D:6      | 5980 ||| SHOPLISTING potion of resistance (110 gold, have
                  | 10).
  6070 | D:6      | Reached skill level 9 in Axes
  6324 | D:6      | Found Naeklo's Armour Boutique.
  6333 | D:6      | 6333 ||| SHOPLISTING +0 pair of boots (58 gold, have 48).
  6333 | D:6      | 6333 ||| SHOPLISTING +1 pair of boots of Evolution {Harm
                  | rC+ rN+ Dex-3} (278 gold, have 48).
  6333 | D:6      | 6333 ||| SHOPLISTING +2 chain mail of cold resistance (279
                  | gold, have 48).
  6343 | D:6      | 6343 ||| FLEEEEING.
  6344 | D:6      | 6344 ||| FLEEEEING.
  6345 | D:6      | 6345 ||| FLEEEEING.
  6350 | D:6      | 6350 ||| FLEEEEING.
  6351 | D:6      | 6351 ||| FLEEEEING.
  6352 | D:6      | 6352 ||| FLEEEEING.
  6353 | D:6      | 6353 ||| FLEEEEING.
  6354 | D:6      | 6354 ||| FLEEEEING.
  6355 | D:6      | 6355 ||| FLEEEEING.
  6374 | D:6      | 6374 ||| Stepping ~*~*~tactically~*~*~ (water).
  6867 | D:7      | Found a runed translucent gate.
  6867 | D:7      | Found a runed translucent gate.
  6867 | D:7      | Found a runed translucent gate.
  6867 | D:7      | Noticed qw's ghost (amateur NaHu)
  6869 | D:7      | Found a basalt altar of Yredelemnul.
  6918 | D:7      | Found a blossoming altar of Fedhas.
  7007 | D:7      | 7007 ||| Stepping ~*~*~tactically~*~*~ (stealth).
  7016 | D:7      | 7016 ||| Stepping ~*~*~tactically~*~*~ (stealth).
  7062 | D:7      | Reached skill level 6 in Armour
  8001 | D:7      | 8001 ||| READING scroll labelled XAYSIU QOREI.
  8062 | D:8      | Found a snail-covered altar of Cheibriados.
  8065 | D:8      | Found a radiant altar of Vehumet.
  8066 | D:8      | Found an ancient bone altar of Kikubaaqudgha.
  8066 | D:8      | Found a sacrificial altar of Ru.
  8067 | D:8      | Found an ornate altar of the Wu Jian Council.
  8067 | D:8      | Found an opulent altar of Gozag.
  8068 | D:8      | Found a shadowy altar of Dithmenos.
  8084 | D:8      | 8084 ||| Stepping ~*~*~tactically~*~*~ (hiding).
  8089 | D:8      | 8089 ||| Stepping ~*~*~tactically~*~*~ (hiding).
  8183 | D:8      | Noticed Joseph
  8211 | D:8      | Killed Joseph
  8374 | D:8      | 8374 ||| Stepping ~*~*~tactically~*~*~ (stealth).
  8380 | D:8      | Reached skill level 10 in Axes
  8410 | D:8      | Reached XP level 10. HP: 63/63 MP: 10/10
  8591 | D:8      | 8591 ||| Stepping ~*~*~tactically~*~*~ (hiding).
  8747 | D:8      | Noticed Erica
  8748 | D:8      | 8748 ||| Stepping ~*~*~tactically~*~*~ (hiding).
  8760 | D:8      | Killed Erica
  8761 | D:8      | Reached skill level 9 in Fighting
  8844 | D:8      | Noticed Psyche
  8855 | D:8      | Killed Psyche
  9153 | D:8      | Identified the +0 sling "Romut" {flame, rCorr Str+5}
  9429 | D:8      | 9429 ||| Stepping ~*~*~tactically~*~*~ (stealth).
  9531 | D:8      | Found a hazy altar of Hepliaklqana.
  9568 | D:8      | 9568 ||| READING scroll labelled UDGHAZ CIEDDOGIN.
  9619 | D:9      | Noticed Prince Ribbit
  9629 | D:9      | Killed Prince Ribbit
  9822 | D:9      | Found an iron altar of Okawaru.
  9823 | D:9      | 9823 ||| PLANNING OKAWARU WORSHIP
  9823 | D:9      | 9823 ||| READING 3 scrolls of identify.
  9823 | D:9      | 9823 ||| IDENTIFYING green potion
  9824 | D:9      | 9824 ||| READING 2 scrolls of identify.
  9824 | D:9      | 9824 ||| IDENTIFYING viscous sapphire potion
  9825 | D:9      | 9825 ||| DROPPING potion of brilliance.
  9830 | D:9      | Became a worshipper of Warmaster Okawaru
  9830 | D:9      | 9830 ||| PLANNING D:1-11
  9896 | D:9      | 9896 ||| Stepping ~*~*~tactically~*~*~ (stealth).
 10232 | D:9      | 10232 ||| READING 2 scrolls of identify.
 10232 | D:9      | 10232 ||| IDENTIFYING golden potion
 10233 | D:9      | 10233 ||| DROPPING potion of invisibility.
 10283 | D:10     | Entered Level 10 of the Dungeon
 10338 | D:10     | 10338 ||| DRINKING 6 potions of curing.
 10338 | D:10     | 10338 ||| (to cure confusion)
 10339 | D:10     | 10339 ||| FLEEEEING.
 10340 | D:10     | 10340 ||| FLEEEEING.
 10341 | D:10     | 10341 ||| FLEEEEING.
 10342 | D:10     | 10342 ||| FLEEEEING.
 10343 | D:10     | 10343 ||| DRINKING 5 potions of curing.
 10343 | D:10     | 10343 ||| (to cure confusion)
 10344 | D:10     | 10344 ||| FLEEEEING.
 10349 | D:10     | 10349 ||| FLEEEEING.
 10350 | D:10     | 10350 ||| FLEEEEING.
 10351 | D:10     | 10351 ||| FLEEEEING.
 10352 | D:10     | 10352 ||| FLEEEEING.
 10356 | D:10     | 10356 ||| FLEEEEING.
 10357 | D:10     | 10357 ||| FLEEEEING.
 10358 | D:10     | 10358 ||| FLEEEEING.
 10359 | D:10     | 10359 ||| FLEEEEING.
 10360 | D:10     | 10360 ||| FLEEEEING.
 10361 | D:10     | 10361 ||| FLEEEEING.
 10363 | D:10     | 10363 ||| STAIRDANCE
 10469 | D:10     | 10469 ||| STAIRDANCE
 10477 | D:9      | Reached skill level 11 in Axes
 10612 | D:10     | Noticed a manticore
 10622 | D:10     | Noticed Gastronok
 10626 | D:10     | HP: 9/66 [Gastronok/the air (35)]
 10627 | D:10     | 10627 ||| READING scroll of teleportation.
 10627 | D:10     | Slain by a manticore

Levels and vault maps discovered:
D:1:      dpeg_arrival_court, layout_basic, minmay_pentomino_o4
D:2:      minmay_angry_zag, layout_basic, basic_altar
D:3:      minmay_spotlight, layout_basic, nicolae_tso_besieged_by_evil
D:4:      layout_layer_cave, uniq_sigmund
D:5:      layout_layer_cave, nemelex_spade_bored_becter,
          minmay_temple_entry_statues_fountains, minmay_manual_mess
D:6:      layout_loops_cross, serial_shops, nicolae_shop_industrial_runoff,
          shop, minivault_14
D:7:      layout_layer_cave, overflow_temple_1_default,
          nicolae_yredelemnul_ghost_church
D:8:      corexii_shack_village, layout_loops_corners,
          nicolae_hepliaklqana_monster_ancestors, grunt_temple_overflow_open,
          uniq_joseph, uniq_psyche, uniq_erica
D:9:      layout_loops_ring, mainiacjoe_overflow_six_doors_small,
          uniq_prince_ribbit1
D:10:     layout_layer_cave, nicolae_overflow_crystal_walls, uniq_fannar,
          uniq_gastronok, uniq_sonja
Temple:   hellmonk_temple_flake

Skill      XL: |  1  2  3  4  5  6  7  8  9 10 |
---------------+-------------------------------+-----
Axes           | 2 3 4 5 6 7 8 10 11 | 11.0
Fighting       | 4 5 6 7 9 |  9.0
Dodging        | 1 |  1.0
Throwing       | 2 |  2.0
Armour         | 5 6 |  6.9
Shields        | 4 5 |  5.2

Action                     |  1- 3 |  4- 6 |  7- 9 | 10-12 || total
---------------------------+-------+-------+-------+-------++-------
  Melee: War axe           |    99 |   201 |   360 |   159 ||   819
  Throw: Boomerang         |    29 |    31 |    90 |    35 ||   185
    Use: Scroll            |     2 |     5 |     4 |     5 ||    16
         Potion            |     2 |     3 |     3 |     2 ||    10
 Armour: Scale mail        |    60 |    85 |    10 |       ||   155
         Chain mail        |       |       |    43 |       ||    43
         Plate armour      |       |       |   153 |   173 ||   326
  Dodge: Dodged            |    43 |    80 |   110 |    59 ||   292
  Block: Buckler           |    15 |    32 |    57 |    50 ||   154

Table legend:
 A = Non-vault XP
 B = Vault XP
 C = Vault XP percentage of total XP
 D = Non-vault monster count
 E = Vault monster count
 F = Vault count percentage of total count
                 A         B        C        D         E       F
            +---------+---------+-------+---------+---------+-------
      Total |    5249 |    3039 |  36.7 |     180 |      54 |  23.1
            +---------+---------+-------+---------+---------+-------
        D:1 |      36 |      10 |  21.7 |      22 |       4 |  15.4
        D:2 |      52 |      17 |  24.6 |      22 |       7 |  24.1
        D:3 |      48 |      85 |  63.9 |      20 |      17 |  45.9
        D:4 |     440 |     226 |  33.9 |      22 |       1 |   4.3
        D:5 |     322 |     622 |  65.9 |      16 |       8 |  33.3
        D:6 |    1098 |       0 |   0.0 |      27 |       0 |   0.0
        D:7 |     866 |     114 |  11.6 |      12 |       2 |  14.3
        D:8 |    1252 |    1701 |  57.6 |      25 |      14 |  35.9
        D:9 |     737 |     264 |  26.4 |      11 |       1 |   8.3
       D:10 |     398 |       0 |   0.0 |       3 |       0 |   0.0
            +---------+---------+-------+---------+---------+-------
